 Dungeon Crawl Stone Soup version 0.20-a0-428-g059cf21 (webtiles) character file.

9727 bration the Pacifist (level 11, -6/47 HPs)
             Began as a Vine Stalker Conjurer on Jan 1, 2017.
             Was an Elder of Elyvilon.
             Mangled by a basilisk (12 damage)
             ... on level 10 of the Dungeon.
             The game lasted 00:45:40 (12410 turns).

bration the Pacifist (Vine Stalker Conjurer)       Turns: 12410, Time: 00:45:41

Health: -6/47      AC:  6    Str: 12    XL:     11   Next: 51%
Magic:  0/24       EV: 12    Int: 18    God:    Elyvilon [****..]
Gold:   627        SH:  0    Dex: 14    Spells: 15/27 levels left

rFire  . . .     SeeInvis .     n - +2 dagger (venom)
rCold  . . .     Gourm    .     o - +0 troll leather armour
rNeg   . . .     Faith    .     (no shield)
rPois  +         Spirit   +     v - +0 helmet
rElec  .         Reflect  .     s - +0 cloak
rCorr  .         Harm     .     (no gloves)
MR     +....                    (no boots)
Stlth  ++........               Q - amulet of rage
                                f - ring of poison resistance
                                j - ring of wizardry

@: no status effects
A: fangs 3, regeneration 1, magic shield, antimagic bite, no potion heal 3, rot
immunity
a: Lesser Healing, Heal Other, Purification, Greater Healing, Divine Protection,
Renounce Religion, Evoke Berserk Rage


You were on level 10 of the Dungeon.
You worshipped Elyvilon.
Elyvilon was greatly pleased with you.
You were not hungry.

You visited 2 branches of the dungeon, and saw 12 of its levels.

You collected 627 gold pieces.

Inventory:

Hand Weapons
 l - a +0 short sword of electrocution
 n - a +2 dagger of venom (weapon)
Armour
 a - a +0 robe
 o - a +0 troll leather armour (worn)
 s - a +0 cloak (worn)
 v - a +0 helmet (worn)
 x - a +3 leather armour
 C - a +2 robe of cold resistance
Jewellery
 f - a ring of poison resistance (right hand)
 j - a ring of wizardry (left hand)
 B - a +3 ring of intelligence {unknown}
 I - an uncursed ring of fire {unknown}
 L - an uncursed amulet of the gourmand {unknown}
 Q - an amulet of rage (around neck)
Wands
 y - a wand of acid (0/15)
 A - a wand of lightning (3/15)
 E - a wand of enslavement (0/24)
 G - a wand of flame (30/48)
 K - a wand of clouds (0/9)
Scrolls
 e - 4 scrolls of identify
 g - 3 scrolls of enchant weapon
 m - 4 scrolls of fog
 p - 3 scrolls of blinking {unknown}
 q - 4 scrolls of recharging {unknown}
 t - 7 scrolls of remove curse
 u - 2 scrolls of immolation {unknown}
 F - 3 scrolls of fear {unknown}
 M - a scroll of random uselessness {unknown}
 N - a scroll of magic mapping {unknown}
 P - a scroll of brand weapon {unknown}
Potions
 d - a potion of degeneration
 h - 6 potions of heal wounds
 i - a potion of magic
 k - 3 potions of lignification
 w - a potion of cure mutation
 z - 2 potions of agility
 O - a potion of resistance
Books
 b - a book of Conjurations

   Spells                             Type                      Level
   a - Magic Dart                     Conjuration                  1
   b - Searing Ray                    Conjuration                  2
   c - Dazzling Spray                 Conjuration/Hexes            3
   d - Fulminant Prism                Conjuration/Hexes            4
   e - Iskenderun's Mystic Blast      Conjuration                  4
   f - Iskenderun's Battlesphere      Conjuration/Charms           5
 H - a book of Changes

   Spells                             Type                      Level
   a - Beastly Appendage              Transmutation                1
   b - Sticks to Snakes               Transmutation                2
   c - Spider Form                    Transmutation/Poison         3
   d - Ice Form                       Ice/Transmutation            4
   e - Blade Hands                    Transmutation                5
Comestibles
 c - 9 bread rations
 D - 7 beef jerkies
 J - 5 fruits


   Skills:
 + Level 6.8 Short Blades
 + Level 2.3 Dodging
 - Level 2.4 Stealth
 + Level 8.6 Spellcasting
 + Level 9.5 Conjurations
 * Level 2.5 Charms
 + Level 10.2 Invocations


You had 15 spell levels left.
You knew the following spells:

 Your Spells              Type           Power        Failure   Level  Hunger
a - Magic Dart            Conj           ####         1%          1    None
b - Searing Ray           Conj           #####.       1%          2    None
c - Iskenderun's Mystic   Conj           #####...     1%          4    ###....
d - Iskenderun's Battles  Conj/Chrm      ####....     12%         5    #####..


Dungeon Overview and Level Annotations

Branches:
Dungeon (11/15)            Temple (1/1) D:4            Lair (0/6) D:11
    Orc (0/2) D:10

Altars:
Ashenzari
Cheibriados
Dithmenos
Elyvilon
Fedhas
Gozag
Kikubaaqudgha
Makhleb
Nemelex Xobeh
Okawaru
Qazlal
Ru
Sif Muna
Trog
Uskayaw
Vehumet
Yredelemnul
Zin
The Shining One

Shops:
D:6 %

Annotations:
D:9 exclusion: ice statue
D:11 Erica


Innate Abilities, Weirdness & Mutations

You have razor-sharp teeth.
Your natural rate of healing is unusually fast.
When hurt, damage is shared between your health and your magic reserves.
Your bite disrupts and absorbs the magic of your enemies.
Potions cannot restore your health.
You are immune to rotting.


Message History

Something hits you but does no damage. The basilisk bites you.
The yak gores you! Something hits you but does no damage.
You hit something but do no damage. Your bite misses something.
The ice beast closely misses you. The basilisk gazes at you.
You resist with almost no effort. The yak gores you!
* * * LOW HITPOINT WARNING * * *
Something hits you!
* * * LOW HITPOINT WARNING * * *
You hit the yak.
The yak looks as sick as possible!
You bite the yak! You drain its power.
You feel invigorated.
The yak is moderately wounded.
Something hits you! Elyvilon protects you from harm!
The ice beast barely misses you.
You hit the yak.
The yak looks as sick as possible!
You bite the yak, but do no damage.
The yak is heavily wounded.
Something hits you but does no damage. The basilisk bites you!
You die...

########## ################ ###
#........# #..Y@..........# #..
#........# #..Yl########..# #..
#........# #....# #..# #..
#........# #....# #..# #..
#........###....########..####..
#....†.......................(.(
#.................<.............
#......................[........
#.####...................†....>.


You could see a yak, a basilisk and an ice beast.

Vanquished Creatures
  A two-headed ogre (D:10)
  Pikel (D:7)
  A centaur zombie (D:10)
  A centaur skeleton (D:10)
  A troll (D:10)
  2 hippogriffs
  Sigmund (D:6)
  A wyvern (D:10)
  5 yaks (D:9)
  A steam dragon (D:8)
  4 wargs
  A water moccasin (D:9)
  A sky beast (D:9)
  4 ice beasts
  5 orc warriors
  2 black bears (D:7)
  A slave (D:7)
  A necrophage (D:4)
  7 centaurs
  8 ogres
  3 phantoms
  A wolf (D:9)
  The ghost of anet the Magician, an amateur DEWz (D:3)
  A bullfrog (D:9)
  2 scorpions
  A wight (D:9)
  2 howler monkeys
  3 electric eels (D:9)
  A jelly (D:9)
  3 quasits
  4 crimson imps
  15 orc wizards
  2 bullfrog skeletons
  2 orc priests (D:4)
  5 hounds
  4 iguanas
  10 worker ants
  A centaur simulacrum (D:9)
  A killer bee simulacrum (D:9)
  A worker ant zombie (D:8)
  2 howler monkey zombies
  Robin (D:2)
  16 adders
  A gnoll (D:1)
  3 shadow imps
  A white imp (D:9)
  An ufetubus (D:9)
  2 oozes (D:3)
  2 adder skeletons
  2 dart slugs (D:1)
  9 leopard geckos
  42 orcs
  2 ball pythons
  5 bats
  4 giant cockroaches
  18 goblins
  9 hobgoblins
  2 quokkas
  6 frilled lizards
  4 kobolds
  A quokka simulacrum (D:9)
  A quokka skeleton (D:4)
  A quokka zombie (D:11)
  7 rats
254 creatures vanquished.

Vanquished Creatures (collateral kills)
  A slave (D:7)
  2 orc priests (D:7)
  3 orcs (D:7)
6 creatures vanquished.

Vanquished Creatures (others)
  A wyvern simulacrum (D:9)
  A bullfrog simulacrum (D:9)
  2 plants (D:9)
4 creatures vanquished.

Grand Total: 264 creatures vanquished

Notes
Turn   | Place    | Note
-------+----------+-------------------------------------------
     0 | D:1      | bration the Vine Stalker Conjurer began the quest for the Orb.
     0 | D:1      | Reached XP level 1. HP: 9/9 MP: 4/4
   139 | D:1      | Reached XP level 2. HP: 6/13 MP: 2/6
   335 | D:1      | Found a shattered altar of Ashenzari.
   767 | D:1      | Reached XP level 3. HP: 16/16 MP: 4/8
  1313 | D:2      | Gained mutation: Your natural rate of healing is unusually fast. [Vine Stalker growth]
  1313 | D:2      | Reached XP level 4. HP: 21/21 MP: 7/10
  1447 | D:2      | Found a glowing golden altar of the Shining One.
  1479 | D:2      | Became a worshipper of the Shining One
  1635 | D:2      | Noticed Robin
  1699 | D:2      | Killed Robin
  1800 | D:2      | Reached skill level 5 in Conjurations
  2026 | D:3      | Noticed anet's ghost (amateur DEWz)
  2043 | D:3      | Killed anet's ghost
  2043 | D:3      | Reached XP level 5. HP: 14/24 MP: 0/12
  2194 | D:3      | Learned a level 2 spell: Searing Ray
  2564 | D:3      | Reached XP level 6. HP: 27/28 MP: 7/13
  2947 | D:4      | Reached skill level 5 in Spellcasting
  2979 | D:4      | Reached skill level 1 in Invocations
  3219 | D:4      | Reached XP level 7. HP: 32/32 MP: 10/15
  3224 | D:4      | Reached skill level 2 in Invocations
  3322 | D:4      | Reached * piety under the Shining One
  3378 | D:4      | Found a staircase to the Ecumenical Temple.
  3384 | Temple   | Entered the Ecumenical Temple
  3405 | Temple   | Fell from the grace of the Shining One
  3405 | Temple   | Became a worshipper of Elyvilon the Healer
  3463 | D:4      | Reached skill level 3 in Invocations
  3805 | D:5      | Entered Level 5 of the Dungeon
  3959 | D:5      | Found a bloodstained altar of Trog.
  3966 | D:5      | Gained mutation: You have razor-sharp teeth. [Vine Stalker growth]
  3966 | D:5      | Reached XP level 8. HP: 36/36 MP: 9/17
  4222 | D:5      | Reached skill level 4 in Invocations
  4505 | D:5      | Reached * piety under Elyvilon
  4734 | D:5      | Reached skill level 5 in Invocations
  5002 | D:6      | Found Cuduarom's Food Shop.
  5002 | D:6      | Found a sparkling altar of Nemelex Xobeh.
  5006 | D:6      | Found a bloodstained altar of Trog.
  5006 | D:6      | Found an opulent altar of Gozag.
  5008 | D:6      | Found an ancient bone altar of Kikubaaqudgha.
  5008 | D:6      | Found a burning altar of Makhleb.
  5174 | D:6      | Noticed Sigmund
  5217 | D:6      | Killed Sigmund
  5217 | D:6      | Reached skill level 1 in Short Blades
  5430 | D:6      | Reached skill level 6 in Invocations
  5479 | D:6      | Reached XP level 9. HP: 39/39 MP: 14/19
  5698 | D:6      | Reached ** piety under Elyvilon
  6244 | D:7      | Reached skill level 7 in Invocations
  6474 | D:7      | Found a snail-covered altar of Cheibriados.
  6474 | D:7      | Found a sacrificial altar of Ru.
  6481 | D:7      | Found a faded altar of an unknown god.
  6483 | D:7      | Found a hide-covered altar of Uskayaw.
  6484 | D:7      | Found a faded altar of an unknown god.
  6581 | D:7      | Noticed Pikel
  6605 | D:7      | Killed Pikel
  6605 | D:7      | Reached skill level 8 in Invocations
  6830 | D:7      | Reached *** piety under Elyvilon
  6961 | D:7      | Reached XP level 10. HP: 36/44 MP: 21/21
  6968 | D:7      | Learned a level 4 spell: Iskenderun's Mystic Blast
  7689 | D:8      | Noticed a two-headed ogre
  7860 | D:8      | Reached **** piety under Elyvilon
  8314 | D:8      | Reached skill level 9 in Invocations
  8624 | D:9      | Noticed a death yak
  8651 | D:9      | Reached skill level 5 in Short Blades
  9339 | D:9      | Found Hutiunats's Antique Weapon Shop.
  9979 | D:10     | Entered Level 10 of the Dungeon
 10048 | D:9      | Noticed an ice statue
 10357 | D:9      | Pacified a death yak
 10390 | D:9      | Reached XP level 11. HP: 13/47 MP: 10/24
 11045 | D:10     | Found a staircase to the Orcish Mines.
 11171 | D:10     | Reached skill level 10 in Invocations
 11232 | D:10     | Learned a level 5 spell: Iskenderun's Battlesphere
 11479 | D:10     | Noticed Sonja
 11486 | D:10     | Pacified Sonja
 11650 | D:10     | Reached skill level 1 in Charms
 11763 | D:10     | Noticed a two-headed ogre
 11768 | D:10     | Killed a two-headed ogre
 11902 | D:11     | Noticed a cyclops
 11914 | D:10     | Elyvilon protects you from harm!
 12192 | D:11     | Pacified a cyclops
 12193 | D:11     | Noticed Erica
 12200 | D:11     | Found a staircase to the Lair.
 12409 | D:10     | Elyvilon protects you from harm!
 12410 | D:10     | Mangled by a basilisk

Vault maps used:
D:1:      sevenhm_arrival_forest_fort_small_6, ashenzari_altar_1
D:2:      tso_altar, minivault_19, uniq_robin
D:3:      first_bread, hangedman_decor_points
D:4:      minmay_unequal
D:5:      trog_hazing_becter
D:6:      grunt_temple_overflow_open, serial_shops, shop, uniq_sigmund
D:7:      chequers_temple_overflow_minitemple, grunt_ogre_cave, uniq_pikel
D:9:      lemuel_ice_statue, serial_shops, nicolae_shop_crystal, serial_ice,
          serial_ice_g, serial_ice_i, serial_ice_d, serial_ice_e,
          serial_bayou_lagoon_b, uniq_erica
D:10:     minmay_orc_entry_guard_dogs, uniq_sonja
D:11:     david_lair_generic, uniq_nergalle, uniq_urug
Temple:   minmay_temple_bridge_abc

Skill      XL: |  1  2  3  4  5  6  7  8  9 10 11 |
---------------+----------------------------------+-----
Spellcasting   | 3 4 5 6 8 |  8.6
Conjurations   | 5 6 7 9 |  9.5
Invocations    | 1 3 6 8 9 10 | 10.2
Short Blades   | 1 4 6 |  6.8
Charms         | 2 |  2.5
Dodging        | 2 |  2.3
Stealth        | |  2.4

Action                   |  1- 3 |  4- 6 |  7- 9 | 10-12 || total
-------------------------+-------+-------+-------+-------++-------
Melee: Unarmed           |    15 |       |       |       ||    15
       Bite              |     5 |     5 |    36 |    84 ||   130
       Dagger            |     1 |    27 |   140 |   299 ||   467
       Short sword       |       |       |       |    10 ||    10
 Cast: Magic Dart        |    49 |   113 |   188 |   220 ||   570
       Searing Ray       |       |     1 |    13 |    10 ||    24
       Iskenderun's Myst |       |       |       |    33 ||    33
       Iskenderun's Batt |       |       |       |     1 ||     1
Invok: Lesser Healing    |       |       |     2 |    19 ||    21
       Heal Other        |       |       |       |     6 ||     6
       Greater Healing   |       |       |       |     1 ||     1
Evoke: Wand              |       |       |     7 |     4 ||    11
  Use: Potion            |     1 |     2 |     1 |    11 ||    15
       Scroll            |       |     4 |       |    10 ||    14
 Stab: Sleeping          |       |       |     1 |     2 ||     3
  Eat: Chunk             |     1 |     1 |     9 |    14 ||    25
       Meat ration       |       |     1 |       |     2 ||     3
       Royal jelly       |       |       |     1 |       ||     1
       Beef jerky        |       |       |       |     2 ||     2
Armor: Robe              |     1 |     1 |    28 |    99 ||   129
       Skin              |       |     1 |     4 |     9 ||    14
       Leather armour    |       |     2 |    15 |       ||    17
       Troll leather arm |       |       |       |     7 ||     7
Dodge: Dodged            |    13 |    16 |    89 |   210 ||   328
